 Dungeon Crawl Stone Soup version 0.16-a0-253-g996e5b4 (webtiles) character file.

66 PolkaDot the Insei (level 3, -1/29 HPs)
             Began as a Draconian Transmuter on Aug 23, 2014.
             Slain by a worm (8 damage)
             ... on Level 2 of the Dungeon.
             The game lasted 00:02:56 (2164 turns).

PolkaDot the Insei (Draconian Transmuter)           Turns: 2164, Time: 00:02:56

HP  -1/29        AC  8     Str 12      XL: 3   Next: 96%
MP   6/6         EV 12     Int 13      God:
Gold 62          SH  0     Dex 15      Spells:  1 memorised,  5 levels left

rFire  . . .     SeeInvis .       - Unarmed
rCold  . . .     Clarity  .     (armour unavailable)
rNeg   . . .     rCorr    .     (no shield)
rPois  .         rRot     .     (helmet restricted)
rElec  .         Spirit   .     (no cloak)
SustAb .         Warding  .     (no gloves)
rMut   .         Stasis   .     (no boots)
Gourm  .                        (no amulet)
MR     .....                    q - +3 ring of protection
                                g - +3 ring of dexterity

@: not resistant to hostile enchantments, very unstealthy
A: unfitting armour, cold-blooded, AC +5
a: no special abilities


You were on level 2 of the Dungeon.
You were very hungry.

You visited 1 branch of the dungeon, and saw 2 of its levels.

You collected 62 gold pieces.

Inventory:

Missiles
 b - 12 arrows
Comestibles
 a - 5 bread rations
 c - a fruit
 p - 2 meat rations
Scrolls
 i - 2 scrolls of fog {unknown}
 m - a scroll of immolation {unknown}
 n - a scroll of identify {unknown}
 o - a scroll of remove curse {unknown}
 s - a scroll of magic mapping {unknown}
Jewellery
 g - a +3 ring of dexterity (left hand)
 q - a +3 ring of protection (right hand)
Potions
 e - 2 potions of curing {unknown}
 f - a potion of cancellation {unknown}
 h - a potion of resistance {unknown}
 j - a potion of cure mutation {unknown}
 k - a potion of haste {unknown}
 l - a potion of magic {unknown}
 r - a potion of poison {unknown}
Books
 d - a book of Changes

   Spells                             Type                      Level
   *Beastly Appendage                 Transmutation                1
   Sticks to Snakes                   Transmutation                2
   Spider Form                        Transmutation/Poison         3
   Ice Form                           Ice/Transmutation            4
   Blade Hands                        Transmutation                5


   Skills:
 + Level 1.9 Fighting
 - Level 1.7 Dodging
 * Level 4.2 Unarmed Combat
 - Level 2.0 Spellcasting
 + Level 2.6 Transmutations


You had 5 spell levels left.
You knew the following spells:

 Your Spells              Type           Power        Failure   Level  Hunger
a - Beastly Appendage     Trmt           #.....       10%         1    ##.....


Dungeon Overview and Level Annotations

Branches:
Dungeon (2/15)

Altars:
Vehumet
Xom
Yredelemnul


Innate Abilities, Weirdness & Mutations

Your plain brown scales are hard (AC +5).
Your body does not fit into most forms of armour.
Your cold-blooded metabolism reacts poorly to cold.


Message History

The worm is heavily wounded.
You are feeling very hungry.
The worm barely misses you.
You hit the worm.
The worm is heavily wounded.
You hit the worm.
The worm is heavily wounded.
The worm misses you.
You hit the worm.
Your tail-slap misses the worm.
The worm is heavily wounded.
You punch the worm!
The worm is severely wounded.
The worm bites you.
* * * LOW HITPOINT WARNING * * *
You hit the worm.
The worm is almost dead.
You hit the worm.
The worm is almost dead.
The worm bites you!
You die...

###.#.....# #.# #.##.# #
#.#.##### ######.# #.##.# # #.#.#
#...=.#.# ###..#.# # #.#'##
#.....#.# #......# #....##
#.......# #.##...## ##.....##
#.....### #.###<..#
##.......###.....# #.##.....
#.........####...########.#......
'.........+....w@........(.....[.
#.........##.......#####........#
##.......###.#...#.# #..^.....#
##.....## # #.....# #.^_^.##.#
#....## #....## #.^^^..#.# #.#'##
#....# #......#.. #.#.# ♣P...♣
#.###..##. ###.#.## ♣)..♣♣ #.#
#..##. .......# )♣♣ #.###.....


You could see a worm.

Vanquished Creatures
  2 adders (D:2)
  3 worms
  2 goblins
  3 hobgoblins
  5 jackals (D:1)
  3 kobolds
  5 bats (D:1)
  2 giant newts
  6 rats
31 creatures vanquished.

Notes
Turn   | Place    | Note
--------------------------------------------------------------
     0 | D:1      | PolkaDot, the Draconian Transmuter, began the quest for the Orb.
     0 | D:1      | Reached XP level 1. HP: 16/16 MP: 3/3
   385 | D:1      | Reached XP level 2. HP: 20/23 MP: 4/4
  1014 | D:2      | Found a shimmering altar of Xom.
  1016 | D:2      | Reached XP level 3. HP: 29/29 MP: 6/6
  1346 | D:2      | Reached skill level 4 in Unarmed Combat
  1347 | D:2      | Found a basalt altar of Yredelemnul.
  1884 | D:2      | Found a radiant altar of Vehumet.
  2164 | D:2      | Slain by a worm

Action                   || total
-------------------------++-------
Melee: Unarmed           ||   168
  Eat: Chunk             ||     3
